Description

with the widowmine patch i thougth it is time to use the WM for a cheese. twighlightopeners will have a tough time. fast burrow upgrade is done at 4:38. at 3:25 put 2 scvs outta gas. youre gonna ebayblock to insecure the enemy, scv leaves at from mainbase at 24 gas. the depo at around 2:55 should have rather been built at 2:45.

Replay - 2000 Atmosphären LE (28)

Build Order

Get SALT Encoding   

  12  0:00  SCV  
  13  0:12  SCV  
  14  0:16  Supply Depot  send out scv for ebay at 24 sec
  14  0:24  SCV  
  15  0:28  Refinery  
  15  0:38  SCV  
  16  0:46  Barracks  
  16  0:50  SCV  
  17  1:03  SCV  
  18  1:07  Engineering Bay  
  18  1:15  SCV  
  18  1:27  SCV  
  19  1:36  Factory, Marine  
  19  1:39  Orbital Command  
  20  1:47  Refinery  
  20  1:50  Supply Depot  
  20  1:53  Marine  
  21  2:04  SCV  
  22  2:11  Marine  
  23  2:17  SCV  
  23  2:20  Armory  
  24  2:29  Marine  
  25  2:30  Starport  
  26  2:38  Widow Mine  
  28  2:47  Marine  depo rather at 2:45
  30  2:56  Supply Depot  
  31  3:01  Factory Tech Lab  
  31  3:13  Medivac, Marine  
  31  3:19  Drilling Claws  
  34  3:20  Widow Mine  at 3:25 put 2 scvs outta gas
  36  3:31  Marine  
  37  3:42  Widow Mine  
  37  3:48  Medivac  
  41  3:54  Command Center  
  41  3:57  Marine  
  42  4:03  Widow Mine  
  44  4:13  Barracks  
  45  4:23  Marine  fast burrow done at 4:38
  47  4:36  Widow Mine  
  44  4:41  Medivac  
  47  4:47  Barracks  
  47  4:55  Marine  
  47  4:57  Widow Mine  
  50  5:16  Medivac  
  50  5:17  Barracks Tech Lab  
  50  5:19  Widow Mine  
  54  5:22  Barracks Reactor  
  54  5:23  Orbital Command  
  55  5:34  Supply Depot  
  55  5:35  Barracks Tech Lab  
  55  5:36  Marauder  
  55  5:40  Widow Mine  
  61  5:56  Marauder x2  
  63  6:01  Widow Mine  
  69  6:07  Concussive Shells  
  71  6:15  Supply Depot  
  71  6:18  Marauder  
  75  6:23  Widow Mine  
  78  6:37  Marauder x2  
  86  6:55  Command Center  
  86  6:59  Marauder  
  88  7:02  Bunker  
  88  7:04  Marauder  
  92  7:10  Medivac  
  100  7:28  Marauder x2  
  105  7:36  Refinery x2  
  117  8:10  Orbital Command  
  126  8:44  Orbital Command  
  126  8:47  Medivac  
  126  8:48  Barracks x2  
Spawning Tool Build Advisor. Get it on Overwolf

Go to:

Details

  • Created by: lucahecker
  • Published on: Mar 12, 2022
  • Modified on: Mar 12, 2022
  • Patch: 4.11.0
  • Difficulty: Hard
Show
View Real Time Build Order
Export as new Build Order

Comments (0)

There are no comments. Be the first!

Create an account to comment!